 Dungeon Crawl Stone Soup version 0.31-a0-175-g9f7f995f2b (webtiles) character file.

Game seed: 523733801148629224

171054 qw the Peltast (level 18, -7/119 HPs)
             Began as a Gargoyle Fighter on June 17, 2023.
             Was the Champion of Okawaru.
             Mangled by a tyrant leech (22 damage)
             ... called by a spriggan druid
             ... on level 1 of the Swamp.
             The game lasted 00:21:04 (25552 turns).

qw the Peltast (Gargoyle Fighter)                  Turns: 25552, Time: 00:21:05

Health: -7/119     AC: 45    Str: 26    XL:     18   Next: 0%
Magic:  25/25      EV: 16    Int: 11    God:    Okawaru [******]
Gold:   692        SH: 21    Dex:  6    Spells: 17/17 levels left

rFire   . . .        b - +7 war axe (vamp)
rCold   . . .        D - +0 tower shield
rNeg    + . .        l - +4 plate armour
rPois   inf          x - +2 hat of Subavei {+Inv Will- Regen+ Dex-3}
rElec   +            u - +2 cloak
rCorr   .            j - +2 pair of gloves {Stlth+}
SInv    .            z - +2 pair of boots
Will    .....        q - amulet of faith Stlth
                     F - +5 ring of evasion
HPRegen 1.19/turn    a - +5 ring of evasion
MPRegen 0.19/turn

%: faith
@: heroic, grasped by roots, corroded, flying, constricted
A: sickness immunity, AC +13, big wings, negative energy resistance 1,
electricity resistance, torment resistance 1, petrification resistance
a: Renounce Religion, Evoke Invisibility, Heroism, Finesse, Duel


You were on level 1 of the Swamp.
You worshipped Okawaru.
Okawaru was exalted by your worship.
You visited 5 branches of the dungeon, and saw 26 of its levels.
You visited the Abyss 1 time.
You also visited: Gauntlet.

You collected 2818 gold pieces.
You spent 2126 gold pieces at shops.


Innate Abilities, Weirdness & Mutations

You are immune to sickness and miasma.
Your stone body is resilient. (AC +13)
You are immune to poison.
Your large and strong wings let you fly.
You resist negative energy. (rN+)
You are resistant to electric shocks. (rElec)
You are resistant to unholy torment.
You are immune to petrification.


   Skills:
 - Level 15.0(20.0) Fighting
 - Level 16.0(21.0) Axes
 + Level 6.7(11.7) Throwing
 - Level 14.1(19.1) Armour
 - Level 2.1(7.1) Dodging
 - Level 18.4(23.4) Shields
 - Level 10.0 Invocations


You had 17 spell levels left.
You didn't know any spells.
Your spell library was empty.

Inventory:

Hand Weapons
 b - a +7 vampiric war axe (weapon)
 n - the +3 hand axe of Siniosch {flame, Str+6}
   (You found it on level 6 of the Dungeon)

   Str:       It affects your strength (+6).
 r - a +2 heavy broad axe
Missiles
 m - 5 boomerangs (quivered)
 v - 3 javelins
Armour
 j - a +2 pair of gloves of stealth (worn)
 l - a +4 plate armour (worn)
 u - a +2 cloak (worn)
 x - the +2 hat of Subavei (worn) {+Inv Will- Regen+ Dex-3}
   (Okawaru gifted it to you on level 5 of the Lair of Beasts)

   Dex:       It affects your dexterity (-3).
   +Inv:      It lets you turn invisible.
   Regen:     It increases your rate of health regeneration.
   Will:      It decreases your willpower.
 z - a +2 pair of boots (worn)
 A - +0 acid dragon scales
 D - a +0 tower shield (worn)
Jewellery
 a - a +5 ring of evasion (right hand)
 e - a ring of protection from fire
 q - an amulet of faith (around neck)
 w - a ring of resist corrosion
 E - the amulet "Erirgh" {Regen+ Int+2}
   (You bought it in a shop on level 14 of the Dungeon)

   [amulet of regeneration]

   Int:       It affects your intelligence (+2).
   Regen:     It increases your rate of health regeneration.
 F - a +5 ring of evasion (left hand)
 G - a ring of ice
Scrolls
 g - 9 scrolls of teleportation
 h - 16 scrolls of identify
 y - 2 scrolls of brand weapon
Potions
 c - 4 potions of lignification
 d - 5 potions of might
 f - 2 potions of cancellation
 i - 4 potions of attraction
 k - 5 potions of curing
 o - 3 potions of haste
 p - 6 potions of heal wounds
 s - 5 potions of mutation
 t - 3 potions of enlightenment
 B - a potion of magic

Dungeon Overview and Level Annotations

Branches:
Dungeon (15/15)            Temple (0/1) D:5            Lair (5/5) D:8
  Swamp (1/4) Lair:2        Snake (3/4) Lair:2        Slime (0/5) Lair:4
    Orc (2/2) D:9             Elf (0/3) Orc:2        Vaults (0/5) D:14
 Depths (0/4) D:15        Gauntlet (visited)

Altars:
Ashenzari
Cheibriados
Dithmenos
Elyvilon
Fedhas
Gozag
Hepliaklqana
Kikubaaqudgha
Okawaru
Qazlal
Trog
Uskayaw
Wu Jian
Zin
The Shining One
Jiyva

Shops:
D:9 [:   D:14 (?=*?   D:15 *   Orc:2 (:[   Snake:3 =

Portals:
Trove: D:10 (give +5 ice dragon scales)

Annotations:
D:4 1 runed translucent door, qw's ghost, amateur GrFi
D:5 exclusions: 5 jackals and 2 orcs
D:14 3 runed translucent doors, Ytheofip's ghost, journeyman FoFi
Snake:2 2 transporters, qw's ghost, adept GrFi


Message History

The grasping roots constrict you! You block the goliath frog's attack.
You block the tyrant leech's attack. The tyrant leech barely misses you.
An eleionoma comes into view.
The eleionoma shouts!
You chop one of the three-headed hydra's heads off!
The flame cauterises the wound!
You slash the two-headed hydra! You burn the two-headed hydra.
The two-headed hydra is almost dead.
You slash the tyrant leech! You burn the tyrant leech.
You slash the tyrant leech! You burn the tyrant leech.
You hit the tyrant leech. You burn the tyrant leech.
You hit the shambling mangrove but do no damage.
You block the two-headed hydra's attack. x2
The spriggan rider closely misses you. You block the goliath frog's attack.
You lop one of the two-headed hydra's heads off!
The flame cauterises the wound!
You slash the one-headed hydra! You burn the one-headed hydra.
You kill the one-headed hydra!
Okawaru accepts your kill.
You hit the tyrant leech but do no damage.
You hit the shambling mangrove but do no damage.
You miss the tyrant leech. You hit the tyrant leech. You burn the tyrant leech.
The shambling mangrove closely misses you.
The grasping roots constrict you! You block the tyrant leech's attack. x2
The tyrant leech misses you.
You have reached level 18!
25551 ||| SWAPPING to +7 vampiric war axe.
The +3 hand axe of Siniosch {flame, Str+6} stops flaming.
You feel a sense of dread.
b - a +7 vampiric war axe (weapon)
The goliath frog misses you. You block the spriggan rider's attack.
You barely miss the tyrant leech.
The tyrant leech is almost dead.
You barely miss the tyrant leech.
You hit the shambling mangrove but do no damage.
You slash the tyrant leech! The shambling mangrove hits you!
The grasping roots constrict you. The tyrant leech completely misses you.
You block the goliath frog's attack. The tyrant leech bites you!!
You die...

7.7~~~.~~.!77
...~~.~~~~~7
7..).~~~~.7
7.[..~~~.77
.....~~~.7
7¤77~.~..7
..77777..~77
......%w7777
.....Fw@[^~7
7.77.~fw[..7
7..¤i~..7
77~~~.777
77.~.. 77~¤..
....R ~~~~~~


You could see a shambling mangrove, an eleionoma, 3 tyrant leeches, a spriggan
rider and a goliath frog (strong).

Vanquished Creatures
  Jorgrun (D:14)
  Gastronok (D:11)
  4 tentacled starspawn (Abyss:3)
  An orc warlord (Orc:2)
  A deep elf elementalist (Abyss:3)
  2 very ugly things (Abyss:3)
  A stone giant (D:15)
  Nessos (D:14)
  A minotaur (Gauntlet)
  3 dire elephants (Lair:5)
  Azrael (Snake:1)
  An ettin (Orc:2)
  A salamander tyrant (Snake:2)
  9 hydras
  2 ogre magi
  9 anacondas
  A centaur warrior (D:14)
  2 catoblepae
  Erica (D:8)
  4 two-headed ogres
  A boulder beetle (D:15)
  12 naga sharpshooters
  4 tengu warriors
  7 naga warriors
  4 death yaks
  3 spriggans (Swamp:1)
  4 orc high priests (Orc:2)
  A soul eater (Gauntlet)
  2 sun demons (Abyss:3)
  5 shock serpents
  5 skeletal warriors
  A fire crab (shapeshifter) (D:15)
  2 spectral death yaks (Lair:5)
  10 sea snakes
  A skyshark (Lair:3)
  Lodul (D:14)
  A salamander mystic (Snake:2)
  A spectral anaconda (Lair:5)
  3 deep trolls (D:15)
  A spriggan druid (Swamp:1)
  An obsidian statue (Lair:5)
  4 naga ritualists
  3 necromancers (Lair:5)
  4 deep elf pyromancers
  A wizard (Gauntlet)
  8 mana vipers
  An oklob plant (Lair:4)
  7 orc sorcerers
  5 orc knights
  24 ugly things
  A will-o-the-wisp (Swamp:1)
  2 worldbinders (Abyss:3)
  6 cyclopes
  16 elephants (Lair:5)
  4 salamanders
  2 guardian serpents (Snake:2)
  Maurice (D:8)
  An eye of devastation (Abyss:3)
  3 torpor snails
  23 black mambas
  7 naga magi
  10 cane toads
  2 gargoyles
  2 rime drakes (Lair:5)
  9 komodo dragons
  3 tengu conjurers
  4 centaur skeletons (D:14)
  An efreet (D:13)
  3 yaktaurs (D:14)
  An ancient zyme (Abyss:3)
  5 starcursed masses (Abyss:3)
  5 trolls
  A hellwing (Abyss:3)
  4 hornets (Swamp:1)
  6 polar bears
  5 large abominations
  18 blink frogs
  Grinder (D:3)
  8 dream sheep (Lair:5)
  6 raiju
  A spectral elephant (Lair:5)
  Sigmund (D:3)
  10 slime creatures
  4 shadows
  A dire elephant simulacrum (Lair:5)
  2 ynoxinuls (Abyss:3)
  4 wyverns
  60 yaks
  A wraith (D:12)
  8 basilisks
  3 fire elementals (Snake:1)
  A chaos spawn (Abyss:3)
  A death yak simulacrum (Lair:5)
  9 vampire mosquitoes
  2 steam dragons (Gauntlet)
  A spectral cane toad (Lair:5)
  20 nagas
  2 acid dragons
  A swamp worm (Swamp:1)
  6 wargs
  Duvessa (D:4)
  Edmund (D:4)
  14 water moccasins
  A meliai simulacrum (D:14)
  47 orc warriors
  3 sky beasts
  4 hell hounds (Snake:1)
  4 black bears
  23 ogres
  2 elephant zombies (Lair:5)
  5 centaurs
  An elephant skeleton (Lair:5)
  4 boggarts (D:15)
  8 wolves
  3 phantoms
  20 bullfrogs
  A kobold brigand (D:9)
  4 small abominations
  2 gnoll sergeants
  11 wights
  Dowan (D:4)
  3 elephant simulacra (Lair:5)
  3 howler monkeys
  6 electric eels
  4 jellies
  A lava snake (Orc:1)
  35 orc priests
  2 hounds
  Ijyb (D:3)
  4 gnoll boudas
  Jessica (D:3)
  19 orc wizards
  Terence (D:3)
  4 iguanas
  A sleepcap (D:7)
  23 gnolls
  4 adders
  5 shadow imps
  15 white imps
  2 worms
  5 dart slugs
  108 orcs
  12 endoplasms
  3 giant cockroaches
  4 goblins
  9 hobgoblins
  29 jackals
  3 quokkas (D:1)
  6 ball pythons
  3 bats
  3 frilled lizards
  13 kobolds
  3 rats
  3 starspawn tentacles (Abyss:3)
970 creatures vanquished.

Vanquished Creatures (others)
  A wizard (D:14)
  An orc (Orc:2)
  6 foxfires (Swamp:1)
  6 starspawn tentacles (Abyss:3)
14 creatures vanquished.

Grand Total: 984 creatures vanquished

Notes
Turn   | Place    | Note
-------+----------+-------------------------------------------
     0 | D:1      | qw the Gargoyle Fighter began the quest for the Orb.
     0 | D:1      | Reached XP level 1. HP: 14/14 MP: 1/1
     0 | D:1      | 0 ||| qw: Version: 0.3-a-3-g30531e4
     0 | D:1      | 0 ||| qw: Game counter: 403
     0 | D:1      | 0 ||| qw: Always use a shield: true
     0 | D:1      | 0 ||| qw: God list: Okawaru
     0 | D:1      | 0 ||| qw: Allow faded altars: false
     0 | D:1      | 0 ||| qw: Do Orc after D:15 true
     0 | D:1      | 0 ||| qw: Do second Lair branch before Depths: true
     0 | D:1      | 0 ||| qw: Lair rune preference: random
     0 | D:1      | 0 ||| qw: Plans: Normal, Zot:1-4, Slime:5, God:TSO, Crypt,
                  | Tomb, Abyss, Pan, Hells, Win
     0 | D:1      | 0 ||| PLANNING D:1-11
    57 | D:1      | Reached XP level 2. HP: 10/19 MP: 2/2
   206 | D:1      | 206 ||| Stepping ~*~*~tactically~*~*~ (hiding).
   207 | D:1      | 207 ||| Stepping ~*~*~tactically~*~*~ (hiding).
   222 | D:1      | Reached skill level 3 in Axes
   243 | D:1      | Reached XP level 3. HP: 23/23 MP: 3/3
   295 | D:1      | 295 ||| Stepping ~*~*~tactically~*~*~ (stealth).
   365 | D:1      | 365 ||| Stepping ~*~*~tactically~*~*~ (hiding).
   944 | D:1      | 944 ||| UPGRADING to +0 chain mail.
   954 | D:1      | 954 ||| DROPPING +0 scale mail.
   955 | D:1      | 955 ||| UPGRADING to +1 pair of gloves of stealth.
   960 | D:1      | 960 ||| READING scroll labelled OVATAE LULUWU.
   961 | D:1      | 961 ||| READING 2 scrolls labelled IGHOLE MAIRYMM.
   962 | D:1      | 962 ||| READING scroll labelled GANTUUGGESCH.
   963 | D:1      | 963 ||| DRINKING 2 pink potions.
  1034 | D:2      | 1034 ||| Stepping ~*~*~tactically~*~*~ (stealth).
  1062 | D:2      | 1062 ||| READING scroll of brand weapon.
  1062 | D:2      | 1062 ||| BRANDING +0 heavy war axe.
  1105 | D:2      | Reached XP level 4. HP: 22/28 MP: 4/4
  1397 | D:2      | 1397 ||| UPGRADING to ring of resist corrosion.
  1398 | D:2      | 1398 ||| READING scroll labelled UHALEA KOFFE.
  1399 | D:2      | 1399 ||| READING scroll labelled HIECLO GIHECW.
  1400 | D:2      | 1400 ||| DRINKING 3 coppery potions.
  1429 | D:3      | Noticed Ijyb
  1437 | D:3      | Killed Ijyb
  1447 | D:3      | Reached XP level 5. HP: 31/32 MP: 5/5
  1457 | D:3      | Found a bloodstained altar of Trog.
  1472 | D:3      | Identified the +3 quarterstaff "Tormentor" {protect, rC+}
  1485 | D:3      | Noticed Grinder
  1485 | D:3      | Noticed Terence
  1486 | D:3      | 1486 ||| Stepping ~*~*~tactically~*~*~ (hiding).
  1498 | D:3      | Killed Terence
  1509 | D:3      | 1509 ||| Stepping ~*~*~tactically~*~*~ (hiding).
  1530 | D:3      | Killed Grinder
  1531 | D:3      | Reached skill level 6 in Axes
  1531 | D:3      | Reached XP level 6. HP: 27/37 MP: 6/6
  1755 | D:3      | Noticed Sigmund
  1756 | D:3      | 1756 ||| DRINKING 4 potions of curing.
  1756 | D:3      | 1756 ||| (to cure confusion)
  1757 | D:3      | 1757 ||| Stepping ~*~*~tactically~*~*~ (hiding).
  1770 | D:3      | 1770 ||| DRINKING 3 potions of curing.
  1770 | D:3      | 1770 ||| (to cure confusion)
  1797 | D:3      | Killed Sigmund
  1798 | D:3      | Reached XP level 7. HP: 41/44 MP: 7/7
  1856 | D:3      | Noticed Jessica
  1857 | D:3      | 1857 ||| Stepping ~*~*~tactically~*~*~ (hiding).
  1858 | D:3      | 1858 ||| Stepping ~*~*~tactically~*~*~ (hiding).
  1862 | D:3      | Killed Jessica
  1876 | D:3      | 1876 ||| DROPPING +0 whip.
  2042 | D:3      | 2042 ||| READING scroll labelled FUMMYMANK.
  2043 | D:3      | 2043 ||| READING scroll labelled CAWACI PIAME.
  2044 | D:3      | 2044 ||| READING 3 scrolls of identify.
  2044 | D:3      | 2044 ||| IDENTIFYING white potion
  2045 | D:3      | 2045 ||| READING 2 scrolls of identify.
  2045 | D:3      | 2045 ||| IDENTIFYING puce potion
  2046 | D:3      | 2046 ||| DROPPING potion of ambrosia.
  2094 | D:4      | Noticed Edmund
  2122 | D:4      | Killed Edmund
  2223 | D:4      | 2223 ||| DROPPING +7 club.
  2255 | D:4      | 2255 ||| Stepping ~*~*~tactically~*~*~ (stealth).
  2344 | D:4      | Found a runed translucent door.
  2369 | D:4      | Noticed Dowan
  2370 | D:4      | Noticed Duvessa
  2392 | D:4      | Killed Dowan
  2401 | D:4      | HP: 7/44 [Duvessa/+0 short sword (6)]
  2402 | D:4      | Killed Duvessa
  2601 | D:4      | Reached XP level 8. HP: 48/49 MP: 8/8
  2750 | D:4      | Noticed qw's ghost (amateur GrFi)
  2820 | D:4      | 2820 ||| DROPPING +0 hand axe.
  2896 | D:4      | Found a stormy altar of Qazlal.
  2898 | D:4      | Found an opulent altar of Gozag.
  2902 | D:4      | Found a hazy altar of Hepliaklqana.
  2904 | D:4      | Found a glowing silver altar of Zin.
  2905 | D:4      | Found a hide-covered altar of Uskayaw.
  2907 | D:4      | Found an iron altar of Okawaru.
  2908 | D:4      | 2908 ||| PLANNING OKAWARU WORSHIP
  2908 | D:4      | 2908 ||| UPGRADING to +0 plate armour.
  2918 | D:4      | 2918 ||| DROPPING +0 chain mail.
  2919 | D:4      | 2919 ||| READING scroll labelled VOFEFU NUOZXUM.
  2920 | D:4      | 2920 ||| READING scroll labelled KIJAEQ KUTH.
  2921 | D:4      | 2921 ||| READING scroll labelled OPHUHIADOIH.
  2925 | D:4      | 2925 ||| UPGRADING to +0 kite shield.
  2935 | D:4      | 2935 ||| DROPPING +0 buckler.
  2936 | D:4      | Became a worshipper of Warmaster Okawaru
  2937 | D:4      | 2937 ||| PLANNING D:1-11
  3585 | D:4      | 3585 ||| Stepping randomly (stuck).
  3604 | D:5      | Entered Level 5 of the Dungeon
  3679 | D:5      | 3679 ||| Stepping ~*~*~tactically~*~*~ (stealth).
  3681 | D:5      | 3681 ||| Stepping ~*~*~tactically~*~*~ (stealth).
  3848 | D:5      | Found a staircase to the Ecumenical Temple.
  3853 | D:5      | 3853 ||| READING scroll of enchant weapon.
  3853 | D:5      | 3853 ||| ENCHANTING +0 vampiric war axe.
  3896 | D:5      | Reached skill level 4 in Shields
  3942 | D:5      | Reached skill level 5 in Shields
  3951 | D:5      | 3951 ||| Stepping ~*~*~tactically~*~*~ (stealth).
  3960 | D:5      | Reached skill level 6 in Shields
  3961 | D:5      | Reached * piety under Okawaru
  3962 | D:5      | 3962 ||| INVOKING Heroism.
  4045 | D:5      | 4045 ||| READING scroll of enchant armour.
  4045 | D:5      | 4045 ||| ENCHANTING +1 pair of gloves of stealth.
  4093 | D:5      | 4093 ||| Stepping ~*~*~tactically~*~*~ (hiding).
  4166 | D:5      | 4166 ||| UPGRADING to +0 cloak.
  4182 | D:5      | 4182 ||| Stepping ~*~*~tactically~*~*~ (water).
  4210 | D:5      | Found a shadowy altar of Dithmenos.
  4211 | D:5      | Found a broken altar of Ashenzari.
  4286 | D:5      | 4286 ||| Stepping ~*~*~tactically~*~*~ (stealth).
  4291 | D:5      | 4291 ||| Stepping ~*~*~tactically~*~*~ (hiding).
  4293 | D:5      | 4293 ||| Stepping ~*~*~tactically~*~*~ (hiding).
  4296 | D:5      | Reached skill level 1 in Invocations
  4310 | D:5      | 4310 ||| Stepping ~*~*~tactically~*~*~ (stealth).
  4312 | D:5      | 4312 ||| Stepping ~*~*~tactically~*~*~ (hiding).
  4314 | D:5      | 4314 ||| Stepping ~*~*~tactically~*~*~ (hiding).
  4315 | D:5      | 4315 ||| Stepping ~*~*~tactically~*~*~ (hiding).
  4318 | D:5      | 4318 ||| INVOKING Heroism.
  4399 | D:5      | 4399 ||| UPGRADING to amulet of faith.
  4404 | D:5      | 4404 ||| READING scroll labelled ZOAQUGURGHU.
  4405 | D:5      | 4405 ||| READING scroll labelled HAM OFAWKOKH.
  4406 | D:5      | 4406 ||| READING scroll labelled HOOROTRINUMO.
  4407 | D:5      | 4407 ||| READING scroll labelled RUYPATA WAATSO.
  4535 | D:5      | Reached skill level 7 in Shields
  4535 | D:5      | Reached XP level 9. HP: 49/54 MP: 9/9
  4581 | D:5      | 4581 ||| Stepping ~*~*~tactically~*~*~ (stealth).
  4591 | D:5      | 4591 ||| Stepping ~*~*~tactically~*~*~ (stealth).
  4612 | D:5      | 4612 ||| Stepping ~*~*~tactically~*~*~ (stealth).
  4616 | D:5      | 4616 ||| INVOKING Heroism.
  4618 | D:5      | 4618 ||| Stepping ~*~*~tactically~*~*~ (hiding).
  4624 | D:5      | 4624 ||| Stepping ~*~*~tactically~*~*~ (stealth).
  4632 | D:5      | 4632 ||| INVOKING Heroism.
  4677 | D:5      | 4677 ||| Stepping ~*~*~tactically~*~*~ (stealth).
  4757 | D:5      | 4757 ||| Stepping ~*~*~tactically~*~*~ (stealth).
  5006 | D:6      | Reached skill level 3 in Invocations
  5090 | D:6      | Identified the orb of the Neverending Demons {light, Int+3}
  5103 | D:6      | 5103 ||| Stepping ~*~*~tactically~*~*~ (hiding).
  5109 | D:6      | 5109 ||| INVOKING Heroism.
  5206 | D:6      | 5206 ||| Stepping ~*~*~tactically~*~*~ (stealth).
  5208 | D:6      | 5208 ||| Stepping ~*~*~tactically~*~*~ (stealth).
  5210 | D:6      | 5210 ||| Stepping ~*~*~tactically~*~*~ (hiding).
  5213 | D:6      | 5213 ||| INVOKING Heroism.
  5332 | D:6      | 5332 ||| INVOKING Heroism.
  5360 | D:6      | Identified the +3 hand axe of Siniosch {flame, Str+6}
  5362 | D:6      | 5362 ||| DROPPING +2 flail of protection.
  5363 | D:6      | 5363 ||| DROPPING +0 flail of holy wrath.
  5388 | D:6      | 5388 ||| Stepping ~*~*~tactically~*~*~ (hiding).
  5392 | D:6      | 5392 ||| Stepping ~*~*~tactically~*~*~ (stealth).
  5465 | D:6      | 5465 ||| Stepping ~*~*~tactically~*~*~ (stealth).
  5472 | D:6      | 5472 ||| Stepping ~*~*~tactically~*~*~ (hiding).
  5477 | D:6      | 5477 ||| DRINKING 4 potions of curing.
  5477 | D:6      | 5477 ||| (to cure confusion)
  5540 | D:6      | Reached skill level 6 in Fighting
  5579 | D:6      | Found an ornate altar of the Wu Jian Council.
  5945 | D:6      | 5945 ||| UPGRADING to +5 ring of evasion.
  5946 | D:6      | 5946 ||| READING 3 scrolls of identify.
  5946 | D:6      | 5946 ||| IDENTIFYING dark potion
  5947 | D:6      | 5947 ||| READING 2 scrolls of identify.
  5947 | D:6      | 5947 ||| IDENTIFYING bubbling dark potion
  5948 | D:6      | 5948 ||| DROPPING potion of brilliance.
  6040 | D:7      | 6040 ||| Stepping ~*~*~tactically~*~*~ (stealth).
  6041 | D:7      | 6041 ||| Stepping ~*~*~tactically~*~*~ (stealth).
  6066 | D:7      | Reached skill level 8 in Shields
  6299 | D:7      | 6299 ||| INVOKING Heroism.
  6310 | D:7      | Reached XP level 10. HP: 60/60 MP: 11/13
  6334 | D:7      | Found a snail-covered altar of Cheibriados.
  6401 | D:7      | 6401 ||| DRINKING 4 potions of curing.
  6401 | D:7      | 6401 ||| (to cure confusion)
  6563 | D:7      | Found a glowing golden altar of the Shining One.
  6706 | D:7      | 6706 ||| DRINKING 2 bubbling pink potions.
  6813 | D:8      | 6813 ||| Stepping ~*~*~tactically~*~*~ (stealth).
  6858 | D:8      | 6858 ||| Stepping ~*~*~tactically~*~*~ (stealth).
  6860 | D:8      | 6860 ||| Stepping ~*~*~tactically~*~*~ (hiding).
  6862 | D:8      | 6862 ||| Stepping ~*~*~tactically~*~*~ (hiding).
  6872 | D:8      | Reached skill level 9 in Axes
  6983 | D:8      | Reached ** piety under Okawaru
  7037 | D:8      | 7037 ||| Stepping ~*~*~tactically~*~*~ (stealth).
  7069 | D:8      | 7069 ||| Stepping ~*~*~tactically~*~*~ (stealth).
  7074 | D:8      | 7074 ||| Stepping ~*~*~tactically~*~*~ (stealth).
  7082 | D:8      | 7082 ||| Stepping ~*~*~tactically~*~*~ (stealth).
  7189 | D:8      | Noticed Erica
  7190 | D:8      | 7190 ||| Stepping ~*~*~tactically~*~*~ (hiding).
  7191 | D:8      | 7191 ||| Stepping ~*~*~tactically~*~*~ (hiding).
  7192 | D:8      | 7192 ||| Stepping ~*~*~tactically~*~*~ (stealth).
  7193 | D:8      | 7193 ||| INVOKING Heroism.
  7199 | D:8      | 7199 ||| Stepping ~*~*~tactically~*~*~ (hiding).
  7215 | D:8      | 7215 ||| DRINKING 5 potions of curing.
  7215 | D:8      | 7215 ||| (to cure confusion)
  7216 | D:8      | 7216 ||| INVOKING Heroism.
  7218 | D:8      | Killed Erica
  7234 | D:8      | 7234 ||| INVOKING Heroism.
  7313 | D:8      | 7313 ||| Stepping ~*~*~tactically~*~*~ (stealth).
  7317 | D:8      | Found a staircase to the Lair.
  7335 | D:8      | 7335 ||| Stepping ~*~*~tactically~*~*~ (stealth).
  7359 | D:8      | 7359 ||| Stepping ~*~*~tactically~*~*~ (hiding).
  7401 | D:8      | Noticed Maurice
  7402 | D:8      | 7402 ||| Stepping ~*~*~tactically~*~*~ (hiding).
  7457 | D:8      | 7457 ||| DRINKING 4 potions of curing.
  7457 | D:8      | 7457 ||| (to cure confusion)
  7498 | D:8      | 7498 ||| STAIRDANCE
  7500 | D:7      | 7500 ||| DRINKING 3 potions of curing.
  7500 | D:7      | 7500 ||| (to cure confusion)
  7595 | D:7      | 7595 ||| DROPPING +0 club.
  7596 | D:7      | 7596 ||| READING 3 scrolls of identify.
  7596 | D:7      | 7596 ||| IDENTIFYING bubbling inky potion
  7633 | D:8      | 7633 ||| DROPPING +0 whip.
  7640 | D:8      | 7640 ||| Stepping ~*~*~tactically~*~*~ (stealth).
  7672 | D:8      | 7672 ||| Stepping ~*~*~tactically~*~*~ (stealth).
  7688 | D:8      | Killed Maurice
  7694 | D:8      | 7694 ||| DROPPING +0 flail.
  7746 | D:8      | 7746 ||| PLANNING LAIR
  7746 | D:8      | 7746 ||| UPGRADING to +2 cloak.
  7756 | D:8      | 7756 ||| DROPPING +0 cloak.
  7757 | D:8      | 7757 ||| READING 3 scrolls of identify.
  7757 | D:8      | 7757 ||| IDENTIFYING black potion
  7785 | Lair:1   | Entered Level 1 of the Lair of Beasts
  7785 | Lair:1   | Noticed a cane toad
  7786 | Lair:1   | 7786 ||| INVOKING Heroism.
  7795 | Lair:1   | Killed a cane toad
  7796 | Lair:1   | Reached skill level 9 in Shields
  7850 | Lair:1   | Noticed a black mamba
  7851 | Lair:1   | 7851 ||| INVOKING Heroism.
  7862 | Lair:1   | Killed a black mamba
  7898 | Lair:1   | Reached *** piety under Okawaru
  7933 | Lair:1   | Noticed a cane toad
  7934 | Lair:1   | 7934 ||| Stepping ~*~*~tactically~*~*~ (stealth).
  7935 | Lair:1   | 7935 ||| INVOKING Heroism.
  7944 | Lair:1   | Killed a cane toad
  7945 | Lair:1   | Reached XP level 11. HP: 67/67 MP: 12/14
  8059 | Lair:1   | Noticed a death yak
  8059 | Lair:1   | Noticed a death yak
  8060 | Lair:1   | 8060 ||| INVOKING Heroism.
  8061 | Lair:1   | Noticed a death yak
  8062 | Lair:1   | 8062 ||| Stepping ~*~*~tactically~*~*~ (stealth).
  8076 | Lair:1   | Killed a death yak
  8088 | Lair:1   | 8088 ||| INVOKING Heroism.
  8089 | Lair:1   | Killed a death yak
  8105 | Lair:1   | Killed a death yak
  8126 | Lair:1   | 8126 ||| READING scroll of enchant weapon.
  8126 | Lair:1   | 8126 ||| ENCHANTING +1 vampiric war axe.
  8717 | Lair:1   | 8717 ||| UPGRADING to +4 ring of slaying {mikee}.
  8770 | Lair:2   | Reached **** piety under Okawaru
  8778 | Lair:2   | Noticed a seven-headed hydra
  8779 | Lair:2   | 8779 ||| INVOKING Heroism.
  8783 | Lair:2   | 8783 ||| SWAPPING to +3 hand axe of Siniosch {flame,
                  | Str+6}.
  8788 | Lair:2   | Killed a three-headed hydra
  8789 | Lair:2   | Reached skill level 10 in Shields
  8789 | Lair:2   | 8789 ||| SWAPPING to +2 vampiric war axe.
  8857 | Lair:2   | 8857 ||| INVOKING Heroism.
  9001 | Lair:2   | Noticed a catoblepas
  9002 | Lair:2   | 9002 ||| INVOKING Heroism.
  9016 | Lair:2   | Reached skill level 9 in Fighting
  9018 | Lair:2   | Killed a catoblepas
  9018 | Lair:2   | Reached ***** piety under Okawaru
  9019 | Lair:2   | Reached skill level 6 in Invocations
  9021 | Lair:2   | 9021 ||| INVOKING Heroism.
  9025 | Lair:2   | Received a gift from Okawaru
  9097 | Lair:2   | Found a staircase to the Swamp.
  9099 | Lair:2   | Found a staircase to the Snake Pit.
  9253 | Lair:2   | 9253 ||| INVOKING Heroism.
  9519 | Lair:2   | 9519 ||| READING scroll labelled GEDAAV EPLY.
  9620 | Lair:2   | 9620 ||| READING 2 scrolls of identify.
  9620 | Lair:2   | 9620 ||| IDENTIFYING fizzy orange potion
  9640 | Lair:3   | 9640 ||| INVOKING Heroism.
  9648 | Lair:3   | Reached XP level 12. HP: 76/76 MP: 14/17
  9686 | Lair:3   | 9686 ||| Stepping ~*~*~tactically~*~*~ (stealth).
  9687 | Lair:3   | 9687 ||| Stepping ~*~*~tactically~*~*~ (stealth).
  9737 | Lair:3   | 9737 ||| Stepping ~*~*~tactically~*~*~ (stealth).
  9780 | Lair:3   | Noticed a skyshark
  9793 | Lair:3   | Killed a skyshark
  9852 | Lair:3   | 9852 ||| Stepping ~*~*~tactically~*~*~ (stealth).
  9854 | Lair:3   | 9854 ||| Stepping ~*~*~tactically~*~*~ (stealth).
  9856 | Lair:3   | 9856 ||| INVOKING Heroism.
  9896 | Lair:3   | 9896 ||| INVOKING Heroism.
  9963 | Lair:3   | 9963 ||| Stepping ~*~*~tactically~*~*~ (stealth).
  9985 | Lair:3   | 9985 ||| Stepping ~*~*~tactically~*~*~ (stealth).
 10308 | Lair:3   | 10308 ||| INVOKING Heroism.
 10340 | Lair:3   | Reached skill level 12 in Axes
 10340 | Lair:3   | Reached skill level 9 in Invocations
 10623 | Lair:4   | 10623 ||| INVOKING Heroism.
 10666 | Lair:4   | Found a glowing golden altar of the Shining One.
 10676 | Lair:4   | 10676 ||| INVOKING Finesse.
 10677 | Lair:4   | 10677 ||| INVOKING Heroism.
 10766 | Lair:4   | Found a viscous altar of Jiyva.
 10766 | Lair:4   | Found a staircase to the Slime Pits.
 10767 | Lair:4   | 10767 ||| Stepping ~*~*~tactically~*~*~ (stealth).
 10770 | Lair:4   | 10770 ||| INVOKING Heroism.
 10780 | Lair:4   | 10780 ||| Stepping ~*~*~tactically~*~*~ (stealth).
 10804 | Lair:4   | 10804 ||| INVOKING Heroism.
 10849 | Lair:4   | Noticed a four-headed hydra
 10850 | Lair:4   | 10850 ||| INVOKING Heroism.
 10851 | Lair:4   | 10851 ||| INVOKING Finesse.
 10855 | Lair:4   | 10855 ||| SWAPPING to +3 hand axe of Siniosch {flame,
                  | Str+6}.
 10859 | Lair:4   | Killed a one-headed hydra
 10860 | Lair:4   | 10860 ||| SWAPPING to +2 vampiric war axe.
 10898 | Lair:4   | 10898 ||| Stepping ~*~*~tactically~*~*~ (stealth).
 10899 | Lair:4   | 10899 ||| Stepping ~*~*~tactically~*~*~ (stealth).
 10901 | Lair:4   | 10901 ||| Stepping ~*~*~tactically~*~*~ (stealth).
 10906 | Lair:4   | 10906 ||| Stepping ~*~*~tactically~*~*~ (stealth).
 10907 | Lair:4   | 10907 ||| INVOKING Heroism.
 10929 | Lair:4   | Reached skill level 9 in Armour
 10941 | Lair:4   | 10941 ||| READING scroll of enchant armour.
 10941 | Lair:4   | 10941 ||| ENCHANTING +0 plate armour.
 10978 | Lair:4   | Received a gift from Okawaru
 10984 | Lair:4   | 10984 ||| INVOKING Heroism.
 11033 | Lair:4   | 11033 ||| Stepping ~*~*~tactically~*~*~ (stealth).
 11042 | Lair:4   | 11042 ||| INVOKING Heroism.
 11122 | Lair:4   | 11122 ||| Stepping ~*~*~tactically~*~*~ (stealth).
 11123 | Lair:4   | 11123 ||| INVOKING Heroism.
 11126 | Lair:4   | 11126 ||| Stepping ~*~*~tactically~*~*~ (stealth).
 11134 | Lair:4   | Reached XP level 13. HP: 80/80 MP: 18/20
 11211 | Lair:4   | 11211 ||| INVOKING Heroism.
 11447 | Lair:4   | 11447 ||| Stepping ~*~*~tactically~*~*~ (stealth).
 11449 | Lair:4   | 11449 ||| Stepping ~*~*~tactically~*~*~ (stealth).
 11522 | Lair:4   | 11522 ||| INVOKING Heroism.
 11652 | Lair:4   | 11652 ||| DROPPING ring of see invisible.
 11673 | Lair:5   | Entered Level 5 of the Lair of Beasts
 11674 | Lair:5   | 11674 ||| INVOKING Heroism.
 11726 | Lair:5   | 11726 ||| SWAPPING to +3 hand axe of Siniosch {flame,
                  | Str+6}.
 11734 | Lair:5   | Reached skill level 11 in Shields
 11734 | Lair:5   | 11734 ||| SWAPPING to +2 vampiric war axe.
 11781 | Lair:5   | 11781 ||| Stepping ~*~*~tactically~*~*~ (stealth).
 11785 | Lair:5   | 11785 ||| Stepping ~*~*~tactically~*~*~ (stealth).
 11811 | Lair:5   | 11811 ||| INVOKING Heroism.
 11812 | Lair:5   | 11812 ||| INVOKING Finesse.
 11882 | Lair:5   | 11882 ||| READING scroll of enchant weapon.
 11882 | Lair:5   | 11882 ||| ENCHANTING +2 vampiric war axe.
 11950 | Lair:5   | 11950 ||| Stepping ~*~*~tactically~*~*~ (stealth).
 11951 | Lair:5   | 11951 ||| Stepping ~*~*~tactically~*~*~ (stealth).
 11964 | Lair:5   | Identified the +2 robe "Roal" {rElec rN+ Will+}
 11978 | Lair:5   | 11978 ||| READING scroll of enchant weapon.
 11978 | Lair:5   | 11978 ||| ENCHANTING +3 vampiric war axe.
 12012 | Lair:5   | 12012 ||| INVOKING Heroism.
 12040 | Lair:5   | 12040 ||| INVOKING Heroism.
 12060 | Lair:5   | 12060 ||| Stepping ~*~*~tactically~*~*~ (stealth).
 12063 | Lair:5   | 12063 ||| Stepping ~*~*~tactically~*~*~ (stealth).
 12136 | Lair:5   | 12136 ||| INVOKING Heroism.
 12182 | Lair:5   | 12182 ||| Stepping ~*~*~tactically~*~*~ (stealth).
 12202 | Lair:5   | Identified the +2 hat of Subavei {+Inv Will- Regen+ Dex-3}
                  | (Okawaru gifted it to you on level 5 of the Lair of Beasts)
 12202 | Lair:5   | Received a gift from Okawaru
 12210 | Lair:5   | 12210 ||| INVOKING Heroism.
 12211 | Lair:5   | 12211 ||| INVOKING Finesse.
 12212 | Lair:5   | 12212 ||| SWAPPING to +3 hand axe of Siniosch {flame,
                  | Str+6}.
 12217 | Lair:5   | 12217 ||| SWAPPING to +4 vampiric war axe.
 12269 | Lair:5   | 12269 ||| Stepping ~*~*~tactically~*~*~ (stealth).
 12342 | Lair:5   | Noticed a dire elephant
 12473 | Lair:5   | Noticed a dire elephant
 12536 | Lair:5   | Gained mutation: Your large and strong wings let you fly.
                  | [Gargoyle growth]
 12536 | Lair:5   | Reached XP level 14. HP: 85/88 MP: 21/21
 12567 | Lair:5   | 12567 ||| Stepping ~*~*~tactically~*~*~ (stealth).
 12702 | Lair:5   | 12702 ||| Stepping ~*~*~tactically~*~*~ (hiding).
 12731 | Lair:5   | Reached skill level 12 in Shields
 12779 | Lair:5   | Noticed a dire elephant
 12780 | Lair:5   | 12780 ||| INVOKING Heroism.
 12796 | Lair:5   | Killed a dire elephant
 12822 | Lair:5   | 12822 ||| INVOKING Heroism.
 12823 | Lair:5   | 12823 ||| INVOKING Finesse.
 12993 | Lair:5   | 12993 ||| INVOKING Heroism.
 13012 | Lair:5   | Killed a dire elephant
 13027 | Lair:5   | Killed a dire elephant
 13359 | Lair:5   | 13359 ||| PLANNING D:1-11
 13359 | Lair:5   | 13359 ||| UPGRADING to +2 hat of Subavei {+Inv Will- Regen+
                  | Dex-3}.
 13364 | Lair:5   | 13364 ||| DROPPING amulet of magic regeneration.
 13515 | D:9      | Found a staircase to the Orcish Mines.
 13516 | D:9      | 13516 ||| Stepping ~*~*~tactically~*~*~ (hiding).
 13517 | D:9      | 13517 ||| Stepping ~*~*~tactically~*~*~ (hiding).
 13533 | D:9      | Found Miofo's Armour Shop.
 13971 | D:9      | 13971 ||| READING scroll of enchant armour.
 13971 | D:9      | 13971 ||| ENCHANTING +1 plate armour.
 14076 | D:9      | Found Bynanad's Book Shoppe.
 14133 | D:9      | 14133 ||| Stepping ~*~*~tactically~*~*~ (stealth).
 14145 | D:9      | 14145 ||| Stepping ~*~*~tactically~*~*~ (stealth).
 14147 | D:9      | 14147 ||| Stepping ~*~*~tactically~*~*~ (hiding).
 14278 | D:10     | Entered Level 10 of the Dungeon
 14295 | D:10     | 14295 ||| READING scroll of enchant armour.
 14295 | D:10     | 14295 ||| ENCHANTING +2 plate armour.
 14378 | D:10     | You are sucked into a shaft and drop 1 floor!
 14379 | D:11     | 14379 ||| PLANNING GAUNTLET
 14539 | D:11     | 14539 ||| DROPPING +0 war axe.
 14565 | D:11     | 14565 ||| DRINKING 6 potions of curing.
 14565 | D:11     | 14565 ||| (to cure confusion)
 14571 | D:11     | Reached skill level 15 in Axes
 14599 | D:11     | Found a gate leading to a gauntlet.
 14600 | D:11     | 14600 ||| UPGRADING to +0 pair of boots.
 14611 | Gauntlet | Entered a Gauntlet
 14611 | Gauntlet | Found a large runed translucent door.
 14611 | Gauntlet | Found a large runed translucent door.
 14611 | Gauntlet | Found a large runed translucent door.
 14611 | Gauntlet | Found a large runed translucent door.
 14611 | Gauntlet | Found a large runed translucent door.
 14611 | Gauntlet | Found a large runed translucent door.
 14611 | Gauntlet | Found a large runed translucent door.
 14611 | Gauntlet | Found a large runed translucent door.
 14611 | Gauntlet | Found a runed translucent door.
 14611 | Gauntlet | Found a runed translucent gate.
 14611 | Gauntlet | Found a transporter.
 14611 | Gauntlet | Found a transporter.
 14611 | Gauntlet | Found a runed translucent gate.
 14611 | Gauntlet | Found a transporter.
 14615 | Gauntlet | Found a transporter.
 14616 | Gauntlet | Found a transporter.
 14619 | Gauntlet | Found a runed translucent gate.
 14619 | Gauntlet | Found a runed translucent door.
 14625 | Gauntlet | Found a transporter.
 14636 | Gauntlet | Found a transporter.
 14689 | Gauntlet | Found a large runed translucent door.
 14689 | Gauntlet | Found a large runed translucent door.
 14689 | Gauntlet | Found a large runed translucent door.
 14689 | Gauntlet | Found a large runed translucent door.
 14690 | Gauntlet | Found a large runed translucent door.
 14690 | Gauntlet | Found a large runed translucent door.
 14691 | Gauntlet | Found a large runed translucent door.
 14691 | Gauntlet | Found a large runed translucent door.
 14695 | Gauntlet | Found a transporter.
 14710 | Gauntlet | Found a transporter.
 14721 | Gauntlet | Found a transporter.
 14731 | Gauntlet | Found a transporter.
 14746 | Gauntlet | Found a transporter.
 14856 | Gauntlet | Received a gift from Okawaru
 14895 | Gauntlet | 14895 ||| DROPPING +0 helmet of intelligence.
 14896 | Gauntlet | 14896 ||| READING 6 scrolls of identify.
 14896 | Gauntlet | 14896 ||| IDENTIFYING metallic emerald potion
 14902 | Gauntlet | 14902 ||| ZAPPING wand of digging (2).
 14903 | Gauntlet | 14903 ||| ZAPPING wand of digging (1).
 14975 | Gauntlet | 14975 ||| Stepping ~*~*~tactically~*~*~ (hiding).
 14976 | Gauntlet | 14976 ||| INVOKING Heroism.
 14977 | Gauntlet | 14977 ||| INVOKING Finesse.
 15026 | Gauntlet | 15026 ||| DROPPING +3 war axe.
 15032 | Gauntlet | 15032 ||| READING scroll of enchant weapon.
 15032 | Gauntlet | 15032 ||| ENCHANTING +4 vampiric war axe.
 15051 | D:11     | 15051 ||| PLANNING D:1-11
 15074 | D:11     | Noticed Gastronok
 15083 | D:11     | 15083 ||| INVOKING Heroism.
 15098 | D:11     | Killed Gastronok
 15227 | D:10     | Found a white marble altar of Elyvilon.
 15254 | D:10     | 15254 ||| Stepping ~*~*~tactically~*~*~ (stealth).
 15308 | D:10     | Found a portal to a secret trove of treasure.
 15374 | D:10     | Found a blossoming altar of Fedhas.
 15444 | D:10     | 15444 ||| Stepping ~*~*~tactically~*~*~ (stealth).
 15446 | D:10     | 15446 ||| Stepping ~*~*~tactically~*~*~ (hiding).
 15448 | D:10     | 15448 ||| Stepping ~*~*~tactically~*~*~ (hiding).
 15461 | D:10     | 15461 ||| Stepping ~*~*~tactically~*~*~ (hiding).
 15533 | D:10     | 15533 ||| Stepping ~*~*~tactically~*~*~ (hiding).
 15542 | D:10     | Reached skill level 3 in Throwing
 15689 | D:10     | 15689 ||| Stepping ~*~*~tactically~*~*~ (hiding).
 16051 | D:11     | 16051 ||| PLANNING D
 16226 | D:12     | 16226 ||| Stepping ~*~*~tactically~*~*~ (hiding).
 16456 | D:12     | 16456 ||| Stepping ~*~*~tactically~*~*~ (hiding).
 16457 | D:12     | 16457 ||| Stepping ~*~*~tactically~*~*~ (hiding).
 16521 | D:12     | Found the +18 Lear's hauberk
 16561 | D:12     | 16561 ||| Stepping ~*~*~tactically~*~*~ (stealth).
 16563 | D:12     | 16563 ||| Stepping ~*~*~tactically~*~*~ (stealth).
 16963 | D:12     | 16963 ||| UPGRADING to +0 tower shield.
 16973 | D:12     | 16973 ||| DROPPING +0 kite shield.
 16974 | D:12     | 16974 ||| READING 8 scrolls of identify.
 16974 | D:12     | 16974 ||| IDENTIFYING fuming pink potion
 16975 | D:12     | 16975 ||| DROPPING potion of degeneration.
 17059 | D:13     | Found an opulent altar of Gozag.
 17096 | D:13     | 17096 ||| Stepping ~*~*~tactically~*~*~ (stealth).
 17142 | D:13     | Received a gift from Okawaru
 17168 | D:13     | 17168 ||| READING scroll of enchant weapon.
 17168 | D:13     | 17168 ||| ENCHANTING +5 vampiric war axe.
 17208 | D:13     | 17208 ||| INVOKING Heroism.
 17276 | D:13     | Found a frozen archway.
 17400 | D:13     | Reached XP level 15. HP: 95/95 MP: 22/22
 17628 | D:13     | 17628 ||| READING scroll labelled DUTATH TUABUUV.
 17658 | D:14     | Noticed Lodul
 17668 | D:14     | Killed Lodul
 17674 | D:14     | Reached skill level 13 in Shields
 17685 | D:14     | Found Kitzyz's Magic Scroll Shop.
 17690 | D:14     | 17690 ||| BUYING scroll of brand weapon (161 gold).
 17690 | D:14     | Bought a scroll of brand weapon for 161 gold pieces
 17690 | D:14     | 17690 ||| BUYING scroll of identify (34 gold).
 17690 | D:14     | Bought a scroll of identify for 34 gold pieces
 17690 | D:14     | 17690 ||| BUYING scroll of identify (34 gold).
 17690 | D:14     | Bought a scroll of identify for 34 gold pieces
 17690 | D:14     | 17690 ||| BUYING scroll of identify (34 gold).
 17690 | D:14     | Bought a scroll of identify for 34 gold pieces
 17690 | D:14     | 17690 ||| BUYING scroll of teleportation (51 gold).
 17690 | D:14     | Bought a scroll of teleportation for 51 gold pieces
 17744 | D:14     | 17744 ||| Stepping ~*~*~tactically~*~*~ (hiding).
 17785 | D:14     | 17785 ||| DRINKING 8 potions of curing.
 17785 | D:14     | 17785 ||| (to cure confusion)
 17840 | D:14     | 17840 ||| Stepping ~*~*~tactically~*~*~ (hiding).
 18078 | D:14     | Found a runed translucent gate.
 18078 | D:14     | Found a runed translucent gate.
 18078 | D:14     | Found a runed translucent gate.
 18093 | D:14     | 18093 ||| READING scroll of enchant armour.
 18093 | D:14     | 18093 ||| ENCHANTING +0 pair of boots.
 18099 | D:14     | Found an ancient bone altar of Kikubaaqudgha.
 18103 | D:14     | Noticed a lich
 18103 | D:14     | Noticed a lich
 18103 | D:14     | Noticed a lich
 18103 | D:14     | Noticed a lich
 18104 | D:14     | Noticed Ytheofip's ghost (journeyman FoFi)
 18155 | D:14     | Found Nolidgh's Jewellery Shoppe.
 18159 | D:14     | 18159 ||| BUYING +6 ring of strength (504 gold).
 18159 | D:14     | Bought a +6 ring of strength for 504 gold pieces
 18159 | D:14     | 18159 ||| BUYING amulet "Erirgh" {Regen+ Int+2} (576 gold).
 18159 | D:14     | Bought the amulet "Erirgh" {Regen+ Int+2} for 576 gold
                  | pieces
 18159 | D:14     | 18159 ||| SHOPLISTING ring of fire (350 gold, have 14).
 18159 | D:14     | 18159 ||| SHOPLISTING ring of protection from fire (350
                  | gold, have 14).
 18184 | D:14     | Received a gift from Okawaru
 18188 | D:14     | 18188 ||| DROPPING +2 war axe of venom.
 18192 | D:14     | Identified the +2 leather armour "Lueddine" {rPois rN++
                  | Int-2 Dex+4}
 18204 | D:14     | 18204 ||| Stepping ~*~*~tactically~*~*~ (hiding).
 18206 | D:14     | 18206 ||| Stepping ~*~*~tactically~*~*~ (hiding).
 18217 | D:14     | Reached skill level 14 in Shields
 18220 | D:14     | Found Ceraidgh's Magic Scroll Shoppe.
 18225 | D:14     | 18225 ||| SHOPLISTING scroll of enchant weapon (112 gold,
                  | have 14).
 18225 | D:14     | 18225 ||| SHOPLISTING scroll of teleportation (45 gold,
                  | have 14).
 18244 | D:14     | 18244 ||| UPGRADING to +6 ring of strength.
 18246 | D:14     | 18246 ||| DROPPING +4 ring of slaying {mikee}.
 18257 | D:14     | Noticed Jorgrun
 18258 | D:14     | 18258 ||| INVOKING Heroism.
 18259 | D:14     | 18259 ||| INVOKING Finesse.
 18275 | D:14     | Killed Jorgrun
 18386 | D:14     | Found Pushexix's Antique Weapon Boutique.
 18404 | D:14     | 18404 ||| INVOKING Heroism.
 18405 | D:14     | 18405 ||| INVOKING Finesse.
 18408 | D:14     | 18408 ||| SWAPPING to +3 hand axe of Siniosch {flame,
                  | Str+6}.
 18413 | D:14     | 18413 ||| SWAPPING to +6 vampiric war axe.
 18538 | D:14     | 18538 ||| Stepping ~*~*~tactically~*~*~ (hiding).
 18539 | D:14     | 18539 ||| Stepping ~*~*~tactically~*~*~ (hiding).
 18542 | D:14     | 18542 ||| INVOKING Heroism.
 18574 | D:14     | 18574 ||| Stepping ~*~*~tactically~*~*~ (hiding).
 18577 | D:14     | 18577 ||| Stepping ~*~*~tactically~*~*~ (hiding).
 18578 | D:14     | 18578 ||| Stepping ~*~*~tactically~*~*~ (hiding).
 18585 | D:14     | Identified the +6 war axe of Overwhelming Force {elec,
                  | Str+4}
 18589 | D:14     | Reached skill level 15 in Shields
 18612 | D:14     | Found Winuwno's Assorted Antiques.
 18615 | D:14     | Noticed Nessos
 18616 | D:14     | 18616 ||| Stepping ~*~*~tactically~*~*~ (hiding).
 18618 | D:14     | 18618 ||| INVOKING Finesse.
 18640 | D:14     | Killed Nessos
 18640 | D:14     | Received a gift from Okawaru
 18654 | D:14     | 18654 ||| SHOPLISTING potion of curing (78 gold, have 56).
 18654 | D:14     | 18654 ||| SHOPLISTING potion of heal wounds (130 gold, have
                  | 56).
 18654 | D:14     | 18654 ||| SHOPLISTING potion of mutation (208 gold, have
                  | 56).
 18654 | D:14     | 18654 ||| SHOPLISTING scroll of enchant armour (195 gold,
                  | have 56).
 18654 | D:14     | 18654 ||| SHOPLISTING scroll of teleportation (78 gold,
                  | have 56).
 18654 | D:14     | 18654 ||| SHOPLISTING wand of digging (4) (436 gold, have
                  | 56).
 18813 | D:14     | Found a gate to the Vaults.
 18998 | D:14     | 18998 ||| Stepping ~*~*~tactically~*~*~ (stealth).
 19103 | D:14     | 19103 ||| DROPPING +0 hat of willpower.
 19148 | D:15     | Entered Level 15 of the Dungeon
 19149 | D:15     | 19149 ||| INVOKING Heroism.
 19150 | D:15     | 19150 ||| INVOKING Finesse.
 19153 | D:15     | 19153 ||| SWAPPING to +3 hand axe of Siniosch {flame,
                  | Str+6}.
 19159 | D:15     | 19159 ||| SWAPPING to +6 vampiric war axe.
 19261 | D:15     | Found Jeim's Neck Hole.
 19269 | D:15     | 19269 ||| SHOPLISTING amulet "Foetugut" {Acrobat Str+3
                  | Int+6} (894 gold, have 105).
 19269 | D:15     | 19269 ||| SHOPLISTING amulet "Puwohice" {Regen+ Slay+5}
                  | (928 gold, have 105).
 19269 | D:15     | 19269 ||| SHOPLISTING scarf of resistance (512 gold, have
                  | 105).
 19281 | D:15     | 19281 ||| READING scroll of enchant weapon.
 19281 | D:15     | 19281 ||| ENCHANTING +6 vampiric war axe.
 19329 | D:15     | 19329 ||| INVOKING Heroism.
 19346 | D:15     | 19346 ||| INVOKING Finesse.
 19349 | D:15     | 19349 ||| SWAPPING to +3 hand axe of Siniosch {flame,
                  | Str+6}.
 19357 | D:15     | Reached skill level 16 in Shields
 19357 | D:15     | 19357 ||| SWAPPING to +7 vampiric war axe.
 19364 | D:15     | 19364 ||| SWAPPING to +3 hand axe of Siniosch {flame,
                  | Str+6}.
 19376 | D:15     | 19376 ||| SWAPPING to +7 vampiric war axe.
 19407 | D:15     | Found a staircase to the Depths.
 19415 | D:15     | 19415 ||| INVOKING Heroism.
 19491 | D:15     | Reached skill level 12 in Fighting
 19528 | D:15     | 19528 ||| INVOKING Heroism.
 19572 | D:15     | 19572 ||| INVOKING Heroism.
 19683 | D:15     | 19683 ||| Stepping ~*~*~tactically~*~*~ (cloud).
 19699 | D:15     | 19699 ||| Stepping ~*~*~tactically~*~*~ (cloud).
 19712 | D:15     | 19712 ||| Stepping ~*~*~tactically~*~*~ (stealth).
 19723 | D:15     | 19723 ||| Stepping ~*~*~tactically~*~*~ (stealth).
 19729 | D:15     | 19729 ||| Stepping ~*~*~tactically~*~*~ (stealth).
 19731 | D:15     | 19731 ||| Stepping ~*~*~tactically~*~*~ (stealth).
 19743 | D:15     | 19743 ||| INVOKING Heroism.
 19745 | D:15     | Reached XP level 16. HP: 72/101 MP: 20/23
 19899 | D:15     | 19899 ||| Stepping ~*~*~tactically~*~*~ (hiding).
 19911 | D:15     | 19911 ||| INVOKING Heroism.
 19912 | D:15     | 19912 ||| Stepping ~*~*~tactically~*~*~ (stealth).
 19913 | D:15     | 19913 ||| INVOKING Finesse.
 19917 | D:15     | 19917 ||| Stepping ~*~*~tactically~*~*~ (hiding).
 20174 | D:15     | 20174 ||| PLANNING ORC
 20174 | D:15     | 20174 ||| DROPPING scarf of harm.
 20175 | D:15     | 20175 ||| READING scroll labelled SUMIDI OSASK.
 20329 | Orc:1    | Entered Level 1 of the Orcish Mines
 20330 | Orc:1    | 20330 ||| INVOKING Heroism.
 20504 | Orc:1    | 20504 ||| Stepping ~*~*~tactically~*~*~ (stealth).
 20512 | Orc:1    | 20512 ||| INVOKING Heroism.
 20514 | Orc:1    | Paralysed by an orc sorcerer for 4 turns
 20534 | Orc:1    | 20534 ||| DRINKING 7 potions of curing.
 20534 | Orc:1    | 20534 ||| (to cure confusion)
 20783 | Orc:2    | Entered Level 2 of the Orcish Mines
 20851 | Orc:2    | 20851 ||| INVOKING Heroism.
 20940 | Orc:2    | 20940 ||| Stepping ~*~*~tactically~*~*~ (stealth).
 21200 | Orc:2    | 21200 ||| INVOKING Heroism.
 21206 | Orc:2    | Paralysed by an orc sorcerer for 2 turns
 21263 | Orc:2    | Found Samiy's Weapon Emporium.
 21264 | Orc:2    | 21264 ||| INVOKING Heroism.
 21300 | Orc:2    | Found Hapriu's Distillery.
 21326 | Orc:2    | Paralysed by an orc sorcerer for 5 turns
 21332 | Orc:2    | 21332 ||| INVOKING Heroism.
 21462 | Orc:2    | 21462 ||| Stepping ~*~*~tactically~*~*~ (stealth).
 21463 | Orc:2    | 21463 ||| Stepping ~*~*~tactically~*~*~ (stealth).
 21480 | Orc:2    | 21480 ||| Stepping ~*~*~tactically~*~*~ (stealth).
 21486 | Orc:2    | 21486 ||| Stepping ~*~*~tactically~*~*~ (stealth).
 21720 | Orc:2    | 21720 ||| Stepping ~*~*~tactically~*~*~ (hiding).
 21721 | Orc:2    | 21721 ||| Stepping ~*~*~tactically~*~*~ (hiding).
 21864 | Orc:2    | Found a staircase to the Elven Halls.
 21914 | Orc:2    | 21914 ||| INVOKING Heroism.
 21923 | Orc:2    | Paralysed by an orc sorcerer for 2 turns
 21931 | Orc:2    | Reached skill level 17 in Shields
 21982 | Orc:2    | 21982 ||| INVOKING Heroism.
 22021 | Orc:2    | 22021 ||| Stepping ~*~*~tactically~*~*~ (hiding).
 22132 | Orc:2    | 22132 ||| Stepping ~*~*~tactically~*~*~ (hiding).
 22133 | Orc:2    | 22133 ||| Stepping ~*~*~tactically~*~*~ (hiding).
 22135 | Orc:2    | 22135 ||| Stepping ~*~*~tactically~*~*~ (stealth).
 22144 | Orc:2    | 22144 ||| INVOKING Heroism.
 22167 | Orc:2    | Received a gift from Okawaru
 22175 | Orc:2    | 22175 ||| FLEEEEING.
 22176 | Orc:2    | 22176 ||| FLEEEEING.
 22177 | Orc:2    | 22177 ||| FLEEEEING.
 22178 | Orc:2    | 22178 ||| FLEEEEING.
 22179 | Orc:2    | 22179 ||| FLEEEEING.
 22180 | Orc:2    | 22180 ||| FLEEEEING.
 22181 | Orc:2    | 22181 ||| FLEEEEING.
 22182 | Orc:2    | 22182 ||| FLEEEEING.
 22211 | Orc:2    | Found Casoucuy's Armour Shoppe.
 22250 | Orc:2    | 22250 ||| INVOKING Heroism.
 22295 | Orc:2    | Found Qaiwyll's Book Shop.
 22297 | Orc:2    | 22297 ||| DRINKING 6 potions of curing.
 22297 | Orc:2    | 22297 ||| (to cure confusion)
 22299 | Orc:2    | 22299 ||| INVOKING Heroism.
 22312 | Orc:2    | Received a gift from Okawaru
 22350 | Orc:2    | 22350 ||| INVOKING Heroism.
 22357 | Orc:2    | 22357 ||| DRINKING 5 potions of curing.
 22357 | Orc:2    | 22357 ||| (to cure confusion)
 22459 | Orc:2    | Reached skill level 12 in Armour
 22478 | Orc:2    | 22478 ||| PLANNING SNAKE:1-3
 22478 | Orc:2    | 22478 ||| DROPPING ring of positive energy.
 22577 | Snake:1  | Entered Level 1 of the Snake Pit
 22644 | Snake:1  | 22644 ||| Stepping ~*~*~tactically~*~*~ (stealth).
 22646 | Snake:1  | 22646 ||| Stepping ~*~*~tactically~*~*~ (hiding).
 22714 | Snake:1  | Noticed Azrael
 22715 | Snake:1  | 22715 ||| Stepping ~*~*~tactically~*~*~ (hiding).
 22718 | Snake:1  | 22718 ||| INVOKING Heroism.
 22730 | Snake:1  | Killed Azrael
 22790 | Snake:1  | 22790 ||| READING scroll of enchant armour.
 22790 | Snake:1  | 22790 ||| ENCHANTING +1 pair of boots.
 22805 | Snake:1  | Identified the +2 leather armour of Wu Jian's Whim {Harm
                  | Slay+3}
 22997 | Snake:1  | 22997 ||| INVOKING Heroism.
 23248 | Snake:2  | 23248 ||| Stepping ~*~*~tactically~*~*~ (stealth).
 23256 | Snake:2  | 23256 ||| Stepping ~*~*~tactically~*~*~ (stealth).
 23260 | Snake:2  | 23260 ||| Stepping ~*~*~tactically~*~*~ (hiding).
 23352 | Snake:2  | Received a gift from Okawaru
 23392 | Snake:2  | Reached skill level 6 in Throwing
 23479 | Snake:2  | 23479 ||| Stepping ~*~*~tactically~*~*~ (stealth).
 23481 | Snake:2  | 23481 ||| Stepping ~*~*~tactically~*~*~ (stealth).
 23503 | Snake:2  | Reached XP level 17. HP: 108/108 MP: 24/24
 23541 | Snake:2  | Noticed qw's ghost (adept GrFi)
 23566 | Snake:2  | 23566 ||| INVOKING Heroism.
 23571 | Snake:2  | 23571 ||| Stepping ~*~*~tactically~*~*~ (hiding).
 23573 | Snake:2  | 23573 ||| Stepping ~*~*~tactically~*~*~ (hiding).
 23575 | Snake:2  | 23575 ||| Stepping ~*~*~tactically~*~*~ (hiding).
 23576 | Snake:2  | 23576 ||| Stepping ~*~*~tactically~*~*~ (hiding).
 23713 | Snake:2  | 23713 ||| Stepping ~*~*~tactically~*~*~ (hiding).
 23715 | Snake:2  | 23715 ||| Stepping ~*~*~tactically~*~*~ (hiding).
 23716 | Snake:2  | 23716 ||| Stepping ~*~*~tactically~*~*~ (hiding).
 23717 | Snake:2  | 23717 ||| Stepping ~*~*~tactically~*~*~ (hiding).
 23720 | Snake:2  | 23720 ||| INVOKING Heroism.
 23724 | Snake:2  | 23724 ||| Stepping ~*~*~tactically~*~*~ (hiding).
 23810 | Snake:2  | Found a transporter.
 23818 | Snake:2  | Found a transporter.
 23920 | Snake:2  | 23920 ||| INVOKING Heroism.
 23928 | Snake:2  | Received a gift from Okawaru
 23993 | Snake:2  | 23993 ||| Stepping ~*~*~tactically~*~*~ (stealth).
 23995 | Snake:2  | 23995 ||| Stepping ~*~*~tactically~*~*~ (hiding).
 23996 | Snake:2  | 23996 ||| Stepping ~*~*~tactically~*~*~ (hiding).
 23997 | Snake:2  | 23997 ||| Stepping ~*~*~tactically~*~*~ (hiding).
 23999 | Snake:2  | 23999 ||| INVOKING Heroism.
 24007 | Snake:2  | 24007 ||| Stepping ~*~*~tactically~*~*~ (hiding).
 24055 | Snake:2  | 24055 ||| FLEEEEING.
 24056 | Snake:2  | 24056 ||| FLEEEEING.
 24057 | Snake:2  | 24057 ||| FLEEEEING.
 24058 | Snake:2  | 24058 ||| FLEEEEING.
 24059 | Snake:2  | 24059 ||| FLEEEEING.
 24061 | Snake:2  | 24061 ||| Stepping ~*~*~tactically~*~*~ (hiding).
 24065 | Snake:2  | 24065 ||| Stepping ~*~*~tactically~*~*~ (hiding).
 24066 | Snake:2  | 24066 ||| Stepping ~*~*~tactically~*~*~ (hiding).
 24069 | Snake:2  | 24069 ||| INVOKING Heroism.
 24096 | Snake:2  | 24096 ||| Stepping ~*~*~tactically~*~*~ (hiding).
 24274 | Snake:2  | Received a gift from Okawaru
 24329 | Snake:2  | 24329 ||| DROPPING +3 war axe.
 24532 | Snake:3  | 24532 ||| STAIRDANCE
 24550 | Snake:3  | 24550 ||| STAIRDANCE
 24577 | Snake:3  | 24577 ||| INVOKING Heroism.
 24609 | Snake:3  | 24609 ||| READING scroll of enchant armour.
 24609 | Snake:3  | 24609 ||| ENCHANTING +3 plate armour.
 24619 | Snake:3  | 24619 ||| Stepping ~*~*~tactically~*~*~ (hiding).
 24633 | Snake:3  | 24633 ||| INVOKING Heroism.
 24643 | Snake:3  | Reached skill level 18 in Shields
 24692 | Snake:3  | Received a gift from Okawaru
 24820 | Snake:3  | 24820 ||| Stepping ~*~*~tactically~*~*~ (stealth).
 24824 | Snake:3  | Received a gift from Okawaru
 24854 | Snake:3  | Found Uniob's Jewellery Shoppe.
 24866 | Snake:3  | 24866 ||| BUYING +5 ring of evasion (432 gold).
 24866 | Snake:3  | Bought a +5 ring of evasion for 432 gold pieces
 24866 | Snake:3  | 24866 ||| BUYING ring of ice (300 gold).
 24866 | Snake:3  | Bought a ring of ice for 300 gold pieces
 24957 | Snake:3  | 24957 ||| INVOKING Heroism.
 24960 | Snake:3  | Reached skill level 15 in Fighting
 25153 | Snake:3  | 25153 ||| PLANNING SWAMP:1-3
 25153 | Snake:3  | 25153 ||| UPGRADING to +5 ring of evasion.
 25155 | Snake:3  | 25155 ||| DROPPING +6 ring of strength.
 25226 | Swamp:1  | Entered Level 1 of the Swamp
 25240 | Swamp:1  | 25240 ||| INVOKING Heroism.
 25260 | Abyss:3  | Cast into level 3 of the Abyss (spriggan druid)
 25334 | Abyss:3  | 25334 ||| Stepping ~*~*~tactically~*~*~ (hiding).
 25354 | Abyss:3  | 25354 ||| Stepping ~*~*~tactically~*~*~ (stealth).
 25363 | Abyss:3  | Noticed a tentacled starspawn
 25375 | Abyss:3  | Killed a tentacled starspawn
 25393 | Abyss:3  | 25393 ||| INVOKING Heroism.
 25431 | Abyss:3  | Noticed a tentacled starspawn
 25443 | Abyss:3  | Noticed a tentacled starspawn
 25444 | Abyss:3  | Killed a tentacled starspawn
 25451 | Abyss:3  | Killed a tentacled starspawn
 25454 | Abyss:3  | 25454 ||| Stepping ~*~*~tactically~*~*~ (stealth).
 25503 | Abyss:3  | Noticed a tentacled starspawn
 25509 | Abyss:3  | Killed a tentacled starspawn
 25509 | Abyss:3  | Reached ****** piety under Okawaru
 25519 | Swamp:1  | Escaped the Abyss
 25520 | Swamp:1  | 25520 ||| INVOKING Heroism.
 25525 | Swamp:1  | Received a gift from Okawaru
 25538 | Swamp:1  | 25538 ||| SWAPPING to +3 hand axe of Siniosch {flame,
                  | Str+6}.
 25550 | Swamp:1  | HP: 28/113 [constriction (9)]
 25551 | Swamp:1  | Reached XP level 18. HP: 30/119 MP: 25/25
 25551 | Swamp:1  | 25551 ||| SWAPPING to +7 vampiric war axe.
 25552 | Swamp:1  | Mangled by a tyrant leech

Levels and vault maps discovered:
D:1:      mushboom_english_gardens, layout_basic, serial_bayou_lagoon_b
D:2:      layout_rooms
D:3:      layout_rooms, trog_three_pillars_becter, uniq_grinder, uniq_ijyb,
          uniq_sigmund, uniq_jessica, uniq_terence
D:4:      layout_cave_pools, minitemple, gammafunk_ghost_grave,
          kennysheep_generic_room_16, uniq_duvessa, uniq_edmund
D:5:      lemuel_castle_with_subvaults [lemuel_castle_interior_carwin_3],
          layout_rooms, mainiacjoe_overflow_divided_tiny, temple_green,
          nicolae_sextant, minmay_increasing_density
D:6:      layout_basic, mainiacjoe_overflow_surrounded_room
D:7:      layout_loops_ring, marbit_many_paths, nicolae_overflow_crystal_walls
D:8:      layout_loops_cross, erik_lair_orcish_takeover, uniq_erica,
          uniq_maurice
D:9:      layout_roguey, orc_david_3, serial_shops, nicolae_shop_stone
D:10:     layout_loops_ring, nicolae_elyvilon_temple_path,
          fedhas_ov_isle_minmay, nicolae_trove_entry_isolated
D:11:     layout_roguey, gauntlet_entry_generic, uniq_gastronok
D:12:     layout_grid_maze, hellmonk_guarded_unrand_lears
D:13:     layout_long_grid, portal_ice_cave_entry_imps,
          nicolae_gozag_cash_rules_everything_around_me
D:14:     layout_stronghold, hangedman_vaults_entry_quadrant_bands,
          gammafunk_ghost_crypt, serial_shops, shop, nicolae_shop_stone, shop,
          nicolae_square_shop, nicolae_shop_back_alley_shop,
          infiniplex_staircase_9_rooms, kennysheep_windowed_goal, uniq_jorgrun,
          uniq_lodul, uniq_nessos
D:15:     hangedman_depths_entry_civil_slaughter, layout_irregular_city,
          nicolae_shop_sticking_my_neck_out
Lair:1:   layout_small_grid
Lair:2:   layout_hall_layers, swamp_mist, dummy_snake_entry
Lair:3:   layout_loops_ring, lemuel_fruit_fields
Lair:4:   layout_loops_ring, nicolae_slime_entry_slimehenge, lemuel_oklob_altar
Lair:5:   due_jungle_book, layout_gridlike, st_stairs_6
Swamp:1:  layout_basic_swamp, nicolae_swamp_dense_foliage, swamp_pool3,
          statue_in_the_mist_lemuel, uniq_frances
Snake:1:  layout_rooms, uniq_azrael
Snake:2:  layout_grid_maze, gammafunk_ghost_arena
Snake:3:  layout_basic, serial_shops, nicolae_shop_gaudy_bauble
Orc:1:    layout_caves, ebering_ghost_inner_flame, special_room
          [special_room_orc], nicolae_orc_lava_tube
Orc:2:    pubby_orc_utopia, serial_shops

Skill      XL: |  1  2  3  4  5  6  7  8  9 10 11 12 13 14 15 16 17 |
---------------+----------------------------------------------------+-----
Axes           | 2 3 4 6 7 8 10 11 12 14 15 16 | 16.0
Fighting       | 5 6 7 9 10 11 12 13 15 | 15.0
Dodging        | 2 |  2.1
Shields        | 7 8 9 10 11 12 16 17 18 | 18.4
Armour         | 4 5 7 8 9 10 11 12 14 | 14.1
Invocations    | 1 4 6 10 | 10.0
Throwing       | 4 6 |  6.7

Action                     |  1- 3 |  4- 6 |  7- 9 | 10-12 | 13-15 | 16-18 || total
---------------------------+-------+-------+-------+-------+-------+-------++-------
  Melee: War axe           |   102 |   101 |   466 |   607 |  1204 |  1225 ||  3705
         Hand axe          |       |       |       |     9 |    37 |    12 ||    58
  Throw: Boomerang         |       |       |    21 |       |       |    38 ||    59
         Javelin           |       |       |       |       |    41 |    49 ||    90
 Invoke: Heroism           |       |       |     8 |    26 |    23 |    26 ||    83
         Finesse           |       |       |       |     2 |     9 |     1 ||    12
  Evoke: Wand              |       |       |       |       |     2 |       ||     2
    Use: Scroll            |     4 |     2 |    15 |     6 |    11 |     3 ||    41
         Potion            |     1 |     3 |     1 |     5 |     2 |     3 ||    15
   Stab: Petrified         |       |       |       |     6 |     1 |       ||     7
 Armour: Scale mail        |    33 |       |       |       |       |       ||    33
         Chain mail        |    13 |    74 |    69 |       |       |       ||   156
         Plate armour      |       |       |   247 |   236 |   561 |   372 ||  1416
  Dodge: Dodged            |    39 |    37 |   146 |   213 |   396 |   333 ||  1164
  Block: Buckler           |    15 |    19 |    21 |       |       |       ||    55
         Kite shield       |       |       |   151 |   268 |   367 |       ||   786
         Tower shield      |       |       |       |       |   322 |   910 ||  1232

Table legend:
 A = Non-vault XP
 B = Vault XP
 C = Vault XP percentage of total XP
 D = Non-vault monster count
 E = Vault monster count
 F = Vault count percentage of total count
                 A         B        C        D         E       F
            +---------+---------+-------+---------+---------+-------
      Total |  177684 |   66680 |  27.3 |     627 |     341 |  35.2
            +---------+---------+-------+---------+---------+-------
        D:1 |      64 |       0 |   0.0 |      33 |       0 |   0.0
        D:2 |      28 |       0 |   0.0 |      14 |       0 |   0.0
        D:3 |      80 |     618 |  88.5 |      17 |       5 |  22.7
        D:4 |     174 |     379 |  68.5 |      14 |       5 |  26.3
        D:5 |     362 |    1022 |  73.8 |       8 |      56 |  87.5
        D:6 |    1252 |       0 |   0.0 |      26 |       0 |   0.0
        D:7 |     887 |      36 |   3.9 |      13 |       1 |   7.1
        D:8 |     660 |    1886 |  74.1 |      15 |       9 |  37.5
        D:9 |    1139 |       9 |   0.8 |      20 |       3 |  13.0
       D:10 |    2444 |       0 |   0.0 |      20 |       0 |   0.0
       D:11 |    2401 |    1533 |  39.0 |      14 |       1 |   6.7
       D:12 |    5227 |     816 |  13.5 |      23 |       1 |   4.2
       D:13 |    3032 |     121 |   3.8 |       8 |      12 |  60.0
       D:14 |   13811 |   13445 |  49.3 |      29 |      29 |  50.0
       D:15 |   14114 |    3971 |  22.0 |      27 |       6 |  18.2
     Lair:1 |    4889 |       0 |   0.0 |      11 |       0 |   0.0
     Lair:2 |    5826 |       0 |   0.0 |      22 |       0 |   0.0
     Lair:3 |    7738 |       0 |   0.0 |      34 |       0 |   0.0
     Lair:4 |    7609 |     698 |   8.4 |      33 |       7 |  17.5
     Lair:5 |   18461 |   13378 |  42.0 |      60 |      29 |  32.6
    Swamp:1 |    5007 |       0 |   0.0 |      13 |       0 |   0.0
    Snake:1 |    8850 |    2141 |  19.5 |      17 |       8 |  32.0
    Snake:2 |   32828 |       0 |   0.0 |      60 |       0 |   0.0
    Snake:3 |   20173 |       0 |   0.0 |      39 |       0 |   0.0
      Orc:1 |    2942 |       0 |   0.0 |      24 |       0 |   0.0
      Orc:2 |       0 |   22815 | 100.0 |       0 |     153 | 100.0
    Abyss:3 |   17686 |       0 |   0.0 |      33 |       0 |   0.0
   Gauntlet |       0 |    3812 | 100.0 |       0 |      16 | 100.0
            +---------+---------+-------+---------+---------+-------
